 Dungeon Crawl Stone Soup version 0.27.1-3-gb3d3a73c9e (webtiles) character file.

Game seed: 1636699594289022690

32 BigDaddyOpFi the Firebug (level 3, -2/21 HPs)
             Began as an Octopode Fire Elementalist on Oct 15, 2021.
             Slain by a jackal (3 damage)
             ... on level 2 of the Dungeon.
             The game lasted 00:03:02 (1885 turns).

BigDaddyOpFi the Firebug (OpFE)                     Turns: 1885, Time: 00:03:03

Health: -2/21      AC:  1    Str:  7    XL:     3   Next: 25%
Magic:  1/6        EV: 13    Int: 18    God:
Gold:   49         SH:  0    Dex: 12    Spells: 5/6 levels left

rFire    . . .     SeeInvis .   (no weapon)
rCold    . . .     Faith    .   (no shield)
rNeg     . . .     Spirit   .   (helmet restricted)
rPois    .         Reflect  .   (no amulet)
rElec    .         Harm     .   (no ring)
rCorr    .         Rampage  .   (no ring)
Will     .....                  (no ring)
Stlth    +++.......             (no ring)
HPRegen  0.07/turn              (no ring)
MPRegen  0.10/turn              (no ring)
                                (no ring)
                                (no ring)

@: no status effects
A: almost no armour, amphibious, 8 rings, camouflage 1, gelatinous body 1,
(nimble swimmer 1), tentacles
a: no special abilities


You were on level 2 of the Dungeon.
You visited 1 branch of the dungeon, and saw 2 of its levels.

You collected 49 gold pieces.

Inventory:

Armour
 f - a +0 kite shield
Potions
 a - 2 potions of mutation {unknown}
 c - a potion of curing {unknown}
 d - a potion of degeneration {unknown}


   Skills:
 + Level 2.0 Dodging
 * Level 3.1 Stealth
 * Level 0.7 Unarmed Combat
 + Level 2.2 Spellcasting
 + Level 1.0 Conjurations
 + Level 3.7 Fire Magic


You had 5 spell levels left.
You knew the following spells:

 Your Spells              Type           Power      Damage    Failure   Level
a - Foxfire               Conj/Fire      40%        2x1d6     7%          1

Your spell library contained the following spells:

 Spells                   Type           Power      Damage    Failure   Level
 Conjure Flame            Conj/Fire      10%        6-21      21%         3
 Inner Flame              Hex/Fire       8%         N/A       24%         3
 Ozocubu's Armour         Ice            2%         N/A       47%         3
 Sticky Flame             Conj/Fire      10%        2d3       54%         4
 Fireball                 Conj/Fire      5%         3d5       88%         5
 Metabolic Englaciation   Hex/Ice        1%         N/A       99%         5
 Simulacrum               Ice/Necr       1%         N/A       100%        6


Dungeon Overview and Level Annotations

Branches:
Dungeon (2/15)

Altars:


Innate Abilities, Weirdness & Mutations

You cannot wear most types of armour.
You are amphibious.
You can wear up to eight rings at the same time.
Your skin changes colour to match your surroundings (Stealth+).
Your rubbery body absorbs attacks. (AC +1, EV +1)
((You are camouflaged near water. (Stealth+)))
You have tentacles for arms and can constrict up to eight enemies at once.


Message History

Confirm with . or Enter, or press ? or * to list all spells.
You conjure some foxfire!
The foxfire hits the quokka.
The quokka is heavily wounded.
The jackal misses you. x2
Your foxfire dissipates!
The foxfire hits the quokka.
The quokka is almost dead.
The jackal barely misses you.
Casting: Foxfire (safe; 7% risk of failure)
Confirm with . or Enter, or press ? or * to list all spells.
You conjure some foxfire!
The quokka misses you. The jackal bites you. The frilled lizard misses you.
The quokka misses you.
Casting: Foxfire (safe; 7% risk of failure)
Confirm with . or Enter, or press ? or * to list all spells.
There is not enough space to conjure foxfire!
Your foxfire dissipates!
The jackal barely misses you. The frilled lizard bites you.
* * * LOW HITPOINT WARNING * * *
Casting: Foxfire (safe; 7% risk of failure)
Confirm with . or Enter, or press ? or * to list all spells.
You conjure some foxfire!
The jackal bites you.
* * * LOW HITPOINT WARNING * * *
The jackal bites you.
* * * LOW HITPOINT WARNING * * *
Your foxfire dissipates!
The jackal barely misses you.
A hobgoblin comes into view.
The jackal barely misses you.
An adder comes into view.
The adder hisses angrily.
The bat hits you.
* * * LOW HITPOINT WARNING * * *
As you read the scroll labelled ERYOJ PAPTYATH, it crumbles to dust.
You speak a Word of immense power!
It was a scroll of holy word.
The jackal closely misses you. The bat misses you. The jackal bites you.
* * * LOW HITPOINT WARNING * * *
As you read the scroll labelled KAJUEBAQAPH, it crumbles to dust.
The scroll dissolves into smoke.
It was a scroll of fog.
The bat closely misses you. The bat barely misses you. The jackal bites you.
You die...

#. #.# #.# #.#### #####
#.#... # ......
#.#.##.#.## #.....
######.#.....#?.#§...
#.?......#..#.##§#§#
#.####.#.#....§§@b§#.###
#......#g#....§#hr§....#
######.#.#.....#§#S....#
.......#.#....l#g#......
######.#........l# .g..#
# #.########### ..... #
#.. #### # ####


You could see an adder, a quokka, a jackal and a bat.

Vanquished Creatures
  A worm (D:2)
  2 dart slugs
  A bat (D:1)
  4 endoplasms (D:1)
  4 hobgoblins
  A jackal (D:2)
  2 kobolds (D:1)
  A quokka (D:1)
  2 ball pythons (D:1)
  2 frilled lizards (D:1)
  4 rats (D:1)
24 creatures vanquished.

Vanquished Creatures (others)
  44 foxfires
44 creatures vanquished.

Grand Total: 68 creatures vanquished

Notes
Turn   | Place    | Note
-------+----------+-------------------------------------------
     0 | D:1      | BigDaddyOpFi the Octopode Fire Elementalist began the quest
                  | for the Orb.
     0 | D:1      | Reached XP level 1. HP: 11/11 MP: 3/3
   544 | D:1      | Reached XP level 2. HP: 17/17 MP: 1/5
  1065 | D:1      | Found a faded altar of an unknown god.
  1574 | D:2      | Reached XP level 3. HP: 17/21 MP: 2/6
  1884 | D:2      | HP: 1/21 [jackal (1)]
  1885 | D:2      | Slain by a jackal

Illustrated notes

Levels and vault maps discovered:
D:1:      psy_arrival_basics, layout_loops_ring, basic_ecumenical_altar
D:2:      layout_basic, minmay_small_reverse_x

Skill      XL: |  1  2 |
---------------+-------+-----
Stealth        | 3 |  3.1
Dodging        | |  2.0
Unarmed Combat | |  0.7
Spellcasting   | |  2.2
Conjurations   | |  1.0
Fire Magic     | |  3.7

Action                   || total
-------------------------++-------
Melee: Unarmed           ||    45
       Constrict         ||    13
       Tentacles         ||     6
 Cast: Foxfire           ||    42
  Use: Scroll            ||     2
 Stab: Sleeping          ||     1
Armor: Skin              ||     5
Dodge: Dodged            ||    56
